 Dungeon Crawl Stone Soup version 0.27-a0-1416-g941b2bd30b (webtiles) character file.

Game seed: 5143373563421255263

123 Tocho the Ruffian (level 4, -21/36 HPs)
             Began as a Draconian Transmuter on July 1, 2021.
             Demolished by an ogre (29 damage)
             ... on level 2 of the Dungeon.
             The game lasted 00:06:53 (2690 turns).

Tocho the Ruffian (Draconian Transmuter)            Turns: 2690, Time: 00:06:54

Health: -21/36     AC:  5    Str: 13    XL:     4   Next: 80%
Magic:  5/7        EV: 12    Int: 13    God:
Gold:   140        SH:  0    Dex: 12    Spells: 5/8 levels left

rFire    . . .     SeeInvis .     - Unarmed
rCold    . . .     Faith    .   (no shield)
rNeg     . . .     Spirit   .   (armour unavailable)
rPois    +         Reflect  .   (helmet restricted)
rElec    .         Harm     .   (no cloak)
rCorr    .         Rampage  .   (no gloves)
Will     .....                  (no boots)
Stlth    +.........             (no amulet)
HPRegen  0.12/turn              c - ring of poison resistance
MPRegen  0.10/turn              (no ring)

@: wereblooded
A: AC +5, unfitting armour, cold-blooded
a: no special abilities


You were on level 2 of the Dungeon.
You visited 1 branch of the dungeon, and saw 3 of its levels.

You collected 140 gold pieces.

Inventory:

Missiles
 b - 12 poisoned darts (quivered)
 f - a throwing net
Jewellery
 c - a ring of poison resistance (left hand)
Scrolls
 a - 2 scrolls of magic mapping
 e - a scroll of acquirement {unknown}
Potions
 d - a potion of flight {unknown}


   Skills:
 * Level 1.8 Fighting
 * Level 2.3 Dodging
 + Level 0.4 Stealth
 * Level 4.3 Unarmed Combat
 + Level 2.5 Spellcasting
 * Level 2.5 Transmutations


You had 5 spell levels left.
You knew the following spells:

 Your Spells              Type           Power      Damage    Failure   Level
a - Beastly Appendage     Tmut           16%        N/A       9%          1
b - Wereblood             Tmut           8%         N/A       13%         2

Your spell library contained the following spells:

 Spells                   Type           Power      Damage    Failure   Level
 Spider Form              Tmut/Pois      2%         N/A       41%         3
 Gell's Gravitas          Tloc           0%         N/A       58%         3
 Lesser Beckoning         Tloc           0%         N/A       58%         3
 Teleport Other           Tloc           1%         N/A       58%         3
 Ice Form                 Ice/Tmut       4%         N/A       82%         4
 Dispersal                Tloc           0%         N/A       100%        6


Dungeon Overview and Level Annotations

Branches:
Dungeon (3/15)

Altars:
Vehumet


Innate Abilities, Weirdness & Mutations

Your plain brown scales are hard. (AC +5)
You cannot fit into any form of body armour.
You are cold-blooded and may be slowed by cold attacks.


Message History

You hit the ogre but do no damage. You tail-slap the ogre.
The ogre is lightly wounded.
The ogre closely misses you.
You barely miss the ogre.
The ogre is lightly wounded.
You hit the ogre but do no damage.
The ogre is lightly wounded.
The ogre hits you with a +0 giant club!!
Ouch! That really hurt!
You are too injured to fight recklessly!
You are too injured to fight recklessly!
There is a stone staircase leading up here.
The ogre closely misses you.
You climb upwards.
There is a stone staircase leading down here.
There is an escape hatch in the ceiling here.
Okay, then.
Okay, then.
There is a stone staircase leading down here.
You climb downwards.
There is a stone staircase leading up here.
You start resting.
HP restored.
You start waiting.
A kobold comes into view. It is wielding a +0 dagger.
The kobold shouts!
The kobold throws a stone.
The stone hits you but does no damage.
You climb upwards.
The ogre closely misses you.
There is a stone staircase leading down here.
Casting: Wereblood (safe; 13% risk of failure)
Confirm with . or Enter, or press ? or * to list all spells.
Your blood is infused with primal strength.
The ogre hits you with a +0 giant club!!
Ouch! That really hurt!
* * * LOW HITPOINT WARNING * * *
You hit the ogre. You tail-slap the ogre.
The ogre is moderately wounded.
The ogre hits you with a +0 giant club!!
Ouch! That really hurt!
You die...

..# ##############...#### ..##
#...................##
...#########.#########...........
.............# #.........##
...########### #.##...####
..##.........# ##.##...#
####.#######.# ##...#...# .# #.#
#.#######.....#.## .# #.#
#....@O..........# .# #.#
#########.....#..## .###.#
####..<.....#### .....#
#..............# .#####
#.##..#......... .#
###########.##..#......#.# .##
#...........##............ ..#
#.############....##...... ..#
#.# #....##.###..


You could see an ogre.

Vanquished Creatures
  Jessica (D:3)
  4 gnolls (D:2)
  An adder (D:2)
  A worm (D:2)
  2 dart slugs
  An orc (D:3)
  4 ball pythons
  4 endoplasms (D:2)
  4 giant cockroaches
  4 goblins
  5 hobgoblins
  5 bats
  A frilled lizard (D:2)
  3 kobolds
  3 rats
43 creatures vanquished.

Vanquished Creatures (others)
  A goblin (D:1)
1 creature vanquished.

Grand Total: 44 creatures vanquished

Notes
Turn   | Place    | Note
-------+----------+-------------------------------------------
     0 | D:1      | Tocho the Draconian Transmuter began the quest for the Orb.
     0 | D:1      | Reached XP level 1. HP: 16/16 MP: 3/3
   564 | D:1      | Reached XP level 2. HP: 18/23 MP: 3/5
   811 | D:1      | Learned a level 2 spell: Wereblood
  1424 | D:2      | Reached XP level 3. HP: 28/28 MP: 2/6
  1432 | D:2      | Reached skill level 4 in Unarmed Combat
  1585 | D:2      | Reached XP level 4. HP: 35/35 MP: 7/7
  1775 | D:2      | Found a radiant altar of Vehumet.
  2372 | D:3      | Noticed Jessica
  2381 | D:3      | Killed Jessica
  2490 | D:3      | Noticed an ogre
  2690 | D:2      | Demolished by an ogre

Illustrated notes

Levels and vault maps discovered:
D:1:      amcnicky_arrival_single_pillar, layout_loops_ring, lemuel_flame_loot_1
D:2:      layout_loops_ring, basic_altar, wander_ebering_terrifying_dragon_lair
D:3:      layout_rooms, uniq_jessica

Skill      XL: |  1  2  3 |
---------------+----------+-----
Dodging        | 2 |  2.3
Unarmed Combat | 4 |  4.3
Fighting       | |  1.8
Stealth        | |  0.4
Spellcasting   | |  2.5
Transmutations | |  2.5

Action                   |  1- 3 |  4- 6 || total
-------------------------+-------+-------++-------
Melee: Unarmed           |    71 |    65 ||   136
       Kick              |     8 |       ||     8
       Tailslap          |     8 |    12 ||    20
       Headbutt          |     7 |     1 ||     8
       Punch             |     2 |       ||     2
 Cast: Beastly Appendage |    12 |     1 ||    13
       Wereblood         |     3 |     6 ||     9
  Use: Scroll            |       |     3 ||     3
 Stab: Sleeping          |       |     1 ||     1
Armor: Skin              |    16 |    28 ||    44
Dodge: Dodged            |    50 |    49 ||    99

Table legend: (Time is in decaauts)
 A = Elapsed time spent in this place.
 B = Non-inter-level travel time spent in this place.
 C = Inter-level travel time spent in this place.
 D = Time resting spent in this place.
 E = Time spent auto-exploring this place.
 F = Levels seen in this place.
 G = Mean time per level.
                   A        B        C        D        E       F      G
               +--------+--------+--------+--------+--------+-----+--------+
         Total |   2682 |   2611 |     71 |     86 |   2060 |   3 |  894.0 |
       Dungeon |   2682 |   2611 |     71 |     86 |   2060 |   3 |  894.0 |
               +--------+--------+--------+--------+--------+-----+--------+

Top non-repeatable levels by time:
     D:2: 1200 daAuts
     D:1: 1062 daAuts
     D:3: 419 daAuts
